 Dungeon Crawl Stone Soup version 0.27.0-1-g7a089689b8 (webtiles) character file.

Game seed: 14251003710024488652

5 hatdisgam the Vexing (level 1, 0/20 HPs)
             Began as an Ogre Arcane Marksman on Aug 6, 2021.
             Slain by a bat (1 damage)
             ... on level 1 of the Dungeon.
             The game lasted 00:00:18 (95 turns).

hatdisgam the Vexing (Ogre Arcane Marksman)           Turns: 95, Time: 00:00:20

Health: 0/20       AC:  3    Str: 13    XL:     1   Next: 80%
Magic:  2/2        EV:  9    Int: 14    God:
Gold:   0          SH:  0    Dex:  9    Spells: 1/2 levels left

rFire    . . .     SeeInvis .   (no weapon)
rCold    . . .     Faith    .   (no shield)
rNeg     . . .     Spirit   .   a - +0 robe
rPois    .         Reflect  .   (helmet restricted)
rElec    .         Harm     .   (no cloak)
rCorr    .         Rampage  .   (gloves unavailable)
Will     .....                  (boots unavailable)
Stlth    +.........             (no amulet)
HPRegen  0.06/turn              (no ring)
MPRegen  0.08/turn              (no ring)

@: no status effects
A: large, unfitting armour, tough skin 1
a: no special abilities


You were on level 1 of the Dungeon.
You visited 1 branch of the dungeon, and saw 1 of its levels.

Inventory:

Missiles
 b - a large rock (quivered)
 c - 2 throwing nets
Armour
 a - a +0 robe (worn)


   Skills:
 + Level 1.7 Fighting
 * Level 2.3 Throwing
 - Level 1.7 Dodging
 - Level 1.2 Spellcasting
 - Level 2.6 Hexes


You had one spell level left.
You knew the following spells:

 Your Spells              Type           Power      Damage    Failure   Level
a - Corona                Hex            8%         N/A       9%          1

Your spell library contained the following spells:

 Spells                   Type           Power      Damage    Failure   Level
 Slow                     Hex            8%         N/A       13%         2
 Inner Flame              Hex/Fire       4%         N/A       41%         3
 Portal Projectile        Hex/Tloc       8%         N/A       41%         3
 Cause Fear               Hex            4%         N/A       65%         4


Dungeon Overview and Level Annotations

Branches:
Dungeon (1/15)

Altars:


Innate Abilities, Weirdness & Mutations

You are too large for most types of armour.
You have tough skin. (AC +1)


Message History

The bat barely misses you.
You see here 3 javelins.
The bat hits you but does no damage.
You miss the bat. The bat barely misses you.
The bat hits you but does no damage.
You barely miss the bat. The bat completely misses you.
You hit the hobgoblin.
You kill the hobgoblin!
The bat hits you but does no damage. The bat closely misses you.
You miss the bat. The bat closely misses you.
You closely miss the kobold.
The kobold hits you with a +0 short sword.
* * * LOW HITPOINT WARNING * * *
You hit the kobold but do no damage. The kobold barely misses you.
You barely miss the kobold. The kobold barely misses you.
Unknown command.
Throw: 4 large rocks
Press: ? - help, Q - select action, (/) - cycle Shift-Dir - straight line, f - kobold
Aim: a kobold, wielding a +0 short sword (45% to hit)
You throw a large rock.
The large rock barely misses the kobold.
The kobold hits you but does no damage.
The kobold hits you with a +0 short sword.
* * * LOW HITPOINT WARNING * * *
Unknown command.
Throw: 3 large rocks
Press: ? - help, Q - select action, (/) - cycle Shift-Dir - straight line, f/p - kobold
Aim: a kobold, wielding a +0 short sword (45% to hit)
You throw a large rock. The large rock hits the kobold!
You kill the kobold!
The bat closely misses you. The bat hits you but does no damage.
The bat barely misses you.
Unknown command.
Throw: 2 large rocks
Press: ? - help, Q - select action, (/) - cycle Shift-Dir - straight line, f - dart slug
Aim: a dart slug (93% to hit)
You throw a large rock. The large rock hits the dart slug.
The dart slug is heavily wounded.
The bat hits you.
You die...

##..#≈8≈≈≈ #.# ....≈≈8≈≈
#.# ... #..§≈§## ##.#
#..###§.≈≈§'. ...##
#.##...§≈≈≈'. .
#..###.#..§..≈§≈## ..
#............≈≈8≈≈ ..(
#.##......###≈8≈≈§ ..
#@##.........≈≈≈§§
...#.##b##......###.####
.......w.......## #..#
##.#..#........# ##...
#..#>.........# .#.#
##..#.........# .#.#
##.##.†..#.#..# .# . #
#.....#.##..# .......#.#
#.#


You could see a dart slug and a bat.

Vanquished Creatures
  A bat (D:1)
  A hobgoblin (D:1)
  A kobold (D:1)
  A frilled lizard (D:1)
  A rat (D:1)
5 creatures vanquished.

Notes
Turn   | Place    | Note
-------+----------+-------------------------------------------
     0 | D:1      | hatdisgam the Ogre Arcane Marksman began the quest for the
                  | Orb.
     0 | D:1      | Reached XP level 1. HP: 19/19 MP: 2/2
    93 | D:1      | HP: 1/20 [kobold (4)]
    95 | D:1      | Slain by a bat

Illustrated notes

Levels and vault maps discovered:
D:1:      lightli_arrival_boilingwater, layout_rooms,
          shapermc_ecumenical_altar_flowoftime, minmay_pentomino_u4

Action                   || total
-------------------------++-------
Melee: Unarmed           ||    35
Throw: Large rock        ||     3
Armor: Robe              ||    27
Dodge: Dodged            ||    39
